 Dungeon Crawl Stone Soup version 0.29.1-13-g9f3cf754e1 (webtiles) character file.

Game seed: 14601708495839035908

76225 theswoord the Warrior (level 15, -3/116 HPs)
             Began as a Demonspawn Gladiator on Jan 24, 2023.
             Was a High Priest of Wu Jian.
             Slain by a water elemental (10 damage)
             ... led by a merfolk aquamancer
             ... on level 1 of the Shoals.
             The game lasted 01:28:33 (36865 turns).

theswoord the Warrior (Demonspawn Gladiator)       Turns: 36865, Time: 01:28:56

Health: -3/116     AC: 39    Str: 17    XL:     15   Next: 11%
Magic:  4/4        EV:  9    Int:  7    God:    Wu Jian [*****.]
Gold:   2707       SH:  0    Dex: 27    Spells: 14/14 levels left

rFire   . . .      SeeInvis +   R - +5 demon whip "Spellbinder" {antimagic, Will+}
rCold   . . .      Faith    +   (no shield)
rNeg    + . .      Spirit   .   X - +8 chain mail of Warphonoxt {Fly SInv}
rPois   .          Reflect  .   N - +0 hat
rElec   .          Harm     .   v - +1 cloak
rCorr   .          Rampage  .   m - +0 pair of gloves
Will    ++...                   D - +1 pair of boots
Stlth   ..........              K - amulet of faith
HPRegen 0.29/turn               U - +6 ring of dexterity
MPRegen 0.09/turn               Q - ring "Pityiny" {rN+ Str+2 Int-3 Stlth+}

@: confused, ambrosia-drunk, engulfed (cannot breathe), sanguine armoured,
flying, mesmerised
A: demonic guardian 1, sanguine armour 3, demonic magic 2, weakness stinger 1,
agile 1, frail 1, low MP 1, weak 1, evolution 1, inability to drink after injury
1
a: Renounce Religion, Wall Jump, Serpent's Lash, Heavenly Storm


You were on level 1 of the Shoals.
You worshipped Wu Jian.
Wu Jian was extremely pleased with you.
You visited 5 branches of the dungeon, and saw 20 of its levels.

You collected 2707 gold pieces.

Inventory:

Hand Weapons
 a - a +1 quarterstaff of protection
 w - a +3 quarterstaff of chaos
 R - the +5 demon whip "Spellbinder" (weapon) {antimagic, Will+}
   (You found it on level 2 of the Lair of Beasts)

   It reduces the magical energy of the wielder, and disrupts the spells and
   magical abilities of those it strikes.
   Natural abilities and divine invocations are not affected.
   It unleashes wild and unpredictable magical effects upon striking a wizard or
   a creature with magical abilities.
   Will:      It increases your willpower.
Missiles
 e - 11 javelins (quivered)
 L - a throwing net
Armour
 m - a +0 pair of gloves (worn)
 v - a +1 cloak (worn)
 D - a +1 pair of boots (worn)
 J - +0 swamp dragon scales
 N - a +0 hat (worn)
 W - +0 shadow dragon scales
 X - the +8 chain mail of Warphonoxt (worn) {Fly SInv}
   (You found it on level 5 of the Lair of Beasts)

   SInv:      It lets you see invisible.
   Fly:       It grants you flight.
Jewellery
 K - an amulet of faith (around neck)
 Q - the ring "Pityiny" (right hand) {rN+ Str+2 Int-3 Stlth+}
   (You found it on level 10 of the Dungeon)

   [ring of positive energy]

   Str:       It affects your strength (+2).
   Int:       It affects your intelligence (-3).
   rN:        It protects you from negative energy.
   Stlth:     It makes you more stealthy.
 U - a +6 ring of dexterity (left hand)
Wands
 i - a wand of paralysis (8)
 p - a wand of roots (17)
 q - a wand of digging (6)
 G - a wand of light (7)
Scrolls
 c - a scroll of magic mapping {unknown}
 g - 5 scrolls of enchant weapon
 j - 7 scrolls of immolation
 x - 4 scrolls of brand weapon
 y - 2 scrolls of amnesia
 A - 2 scrolls of teleportation
 C - 3 scrolls of fog
 F - a scroll of fear
 M - 3 scrolls of vulnerability
 T - a scroll of enchant armour
 Y - a scroll of identify
Potions
 b - 2 potions of flight
 f - a potion of haste
 h - 2 potions of invisibility
 k - 6 potions of might
 l - 5 potions of ambrosia
 r - 3 potions of brilliance
 B - a potion of berserk rage
 E - 4 potions of attraction
 I - 6 potions of cancellation


   Skills:
 + Level 15.2 Fighting
 - Level 8.0(12.0) Maces & Flails
 - Level 14.0(14.8) Staves
 - Level 1.7 Throwing
 + Level 13.9 Armour
 - Level 2.6 Dodging


You had 14 spell levels left.
You didn't know any spells.
Your spell library contained the following spells:

 Spells                   Type           Power      Damage    Failure   Level
 Magic Dart               Conj           0%         1d3       98%         1
 Call Imp                 Summ           0%         N/A       99%         2
 Mephitic Cloud           Conj/Pois/Air  0%         N/A       100%        3


Dungeon Overview and Level Annotations

Branches:
Dungeon (11/15)            Temple (1/1) D:5            Lair (5/5) D:9
 Shoals (1/4) Lair:2       Spider (0/4) Lair:3        Slime (0/5) Lair:5
    Orc (2/2) D:11            Elf (0/3) Orc:2

Altars:
Ashenzari
Cheibriados
Dithmenos
Fedhas
Gozag
Hepliaklqana
Kikubaaqudgha
Makhleb
Nemelex Xobeh
Okawaru
Qazlal
Ru
Sif Muna
Trog
Uskayaw
Vehumet
Wu Jian
Xom
Yredelemnul
Jiyva

Shops:
D:3 !   D:11 !   Orc:1 [   Orc:2 [(*[(

Annotations:
D:8 3 runed translucent doors, p0werm0de's ghost, amateur PaIE
D:11 exclusion: oklob plant


Innate Abilities, Weirdness & Mutations

A weak demonic guardian rushes to your aid.
When seriously injured, your blood forms very thick armour. (AC +12)
Spells you cast may paralyse nearby enemies.
You have a small tail.
You are agile. (Dex +4, Str/Int -1)
You are frail. (-10% HP)
Your magical capacity is low. (-10% MP)
You are weak. (Str -2)
You have hidden genetic potential.
You occasionally lose the ability to drink potions when taking damage.


Message History

You cannot read scrolls while unable to breathe!
You hit the water elemental.
Your tail-slap misses the water elemental.
The water elemental is moderately damaged.
* * * LOW HITPOINT WARNING * * *
Your lungs strain for air!
The water elemental hits you.
* * * LOW HITPOINT WARNING * * *
The snapping turtle bites you but does no damage.
Your ice devil completely misses the merfolk.
Your shadow imp hits the water elemental but does no damage.
You feel better.
* * * LOW HITPOINT WARNING * * *
Your lungs strain for air!
The merfolk avatar chants its luring song.
The merfolk hits you from afar with a +1 vampiric trident.
* * * LOW HITPOINT WARNING * * *
The water elemental hits you. x2
The snapping turtle bites you from afar.
* * * LOW HITPOINT WARNING * * *
Your ice devil barely misses the merfolk.
Your shadow imp hits the water elemental.
You feel better.
* * * LOW HITPOINT WARNING * * *
Your lungs strain for air!
The merfolk avatar chants its luring song.
The merfolk completely misses you. The water elemental hits you!
* * * LOW HITPOINT WARNING * * *
The water elemental hits you.
The snapping turtle bites you but does no damage.
Your ice devil barely misses the merfolk.
Your shadow imp barely misses the water elemental.
Okay, then.
You are confused.
You feel invigorated.
* * * LOW HITPOINT WARNING * * *
Your lungs strain for air!
The merfolk hits you but does no damage.
The water elemental hits you. The water elemental hits you!
You die...

..~..~~~P~~
.....~P~~~
....~P~~~~
#..m~~~~~. .
#...~~~~.P
~..####......P#
~...~.tEPE....#
~~~~...5@).~..#
≈≈~~..~P.4.~~...
≈≈P~~$...m~~~...
≈≈~P~~...~~~~...
≈≈≈~~P..~~~~...~
≈≈≈≈~~~~~~~..#.~
≈≈≈≈P~PP~P~~...≈
≈≈≈≈~P~~~P~~~P~


You could see a merfolk avatar (mesmerising), a snapping turtle, a merfolk (ally
target), 2 water elementals, a friendly ice devil (summoned) and a friendly
shadow imp (summoned).

Vanquished Creatures
  Kirke (Lair:1)
  A stone giant (Orc:2)
  Snorg (Orc:1)
  2 ogre magi (Orc:2)
  A boulder beetle (Lair:2)
  9 hydras
  11 two-headed ogres
  3 catoblepae
  The ghost of Discosetron the Thaumaturge, a journeyman DjNe of Makhleb (Orc:1)
  An orc high priest (Orc:1)
  6 death yaks (Lair:5)
  A goliath frog (Lair:4)
  2 deep trolls
  A lindwurm (Lair:5)
  2 orc knights
  2 cyclopes (Orc:1)
  2 wolf spiders (Lair:3)
  2 orc sorcerers
  9 elephants
  A manticore (Lair:2)
  Joseph (D:10)
  6 black mambas
  17 cane toads
  A merfolk siren (Shoals:1)
  Maggie (D:6)
  An unseen horror (D:9)
  3 rime drakes
  A torpor snail (Lair:1)
  7 komodo dragons
  11 trolls
  5 polar bears
  2 meliai (Lair:5)
  3 tyrant leeches (Lair:5)
  A wind drake (Lair:2)
  2 hornets
  6 dream sheep (Lair:4)
  35 blink frogs
  Prince Ribbit (D:6)
  2 centaur simulacra (D:10)
  Sigmund (D:5)
  21 yaks
  4 wyverns
  Eustachio (D:6)
  3 basilisks
  5 hogs
  A redback simulacrum (D:10)
  2 steam dragons
  3 neqoxecs (Orc:1)
  5 vampire mosquitoes (Lair:5)
  2 wargs
  19 water moccasins
  Duvessa (D:7)
  A meliai simulacrum (D:10)
  16 orc warriors
  3 black bears
  22 ogres
  6 wolves
  14 centaurs
  A phantom (D:6)
  6 kobold brigands
  16 bullfrogs
  A necrophage (D:4)
  3 scorpions
  Dowan (D:7)
  22 killer bees
  2 electric eels
  17 jellies
  Crazy Yiuf (D:3)
  4 gnoll boudas
  10 hounds
  2 quasits (Orc:1)
  12 orc priests
  9 iguanas
  Jessica (D:2)
  Natasha (thrice) (D:3)
  5 hell rats (Lair:5)
  25 orc wizards
  Robin (D:4)
  17 gnolls
  19 adders
  3 white imps
  A howler monkey simulacrum (D:10)
  3 ufetubi (D:10)
  9 worms
  6 dart slugs
  58 orcs
  7 bats
  11 endoplasms
  5 giant cockroaches
  20 goblins
  16 hobgoblins
  5 quokkas
  11 ball pythons
  5 frilled lizards
  20 kobolds
  8 rats
661 creatures vanquished.

Vanquished Creatures (collateral kills)
  A hydra (Lair:3)
  A meliai (Lair:5)
  A tyrant leech (Lair:5)
  A queen bee (Lair:5)
  A water moccasin (Lair:3)
  3 wolves (Lair:4)
  3 killer bees (Lair:5)
  A jelly (Lair:5)
  An orc priest (D:8)
  An adder (Lair:3)
  An orc (D:8)
  A kobold (D:8)
16 creatures vanquished.

Vanquished Creatures (others)
  An orc (D:6)
  An orc zombie (D:4)
  61 fungi
  153 plants
216 creatures vanquished.

Grand Total: 893 creatures vanquished

Notes
Turn   | Place    | Note
-------+----------+-------------------------------------------
     0 | D:1      | theswoord the Demonspawn Gladiator began the quest for the
                  | Orb.
     0 | D:1      | Reached XP level 1. HP: 16/16 MP: 1/1
   291 | D:1      | Gained mutation: When seriously injured, your blood forms
                  | armour. (AC +12) [demonic ancestry]
   291 | D:1      | Reached XP level 2. HP: 22/22 MP: 2/2
   680 | D:1      | Gained mutation: When seriously injured, your blood forms
                  | thick armour. (AC +12) [demonic ancestry]
   680 | D:1      | Reached XP level 3. HP: 27/27 MP: 3/3
  1162 | D:2      | Found a faded altar of an unknown god.
  1175 | D:2      | Found an opulent altar of Gozag.
  1556 | D:2      | Noticed Jessica
  1564 | D:2      | Killed Jessica
  1565 | D:2      | Gained mutation: You have a small tail. [demonic ancestry]
  1565 | D:2      | Reached XP level 4. HP: 27/33 MP: 4/4
  2448 | D:3      | Found Fosh's Distillery.
  2519 | D:3      | Noticed Natasha
  2529 | D:3      | Killed Natasha
  2530 | D:3      | Reached skill level 5 in Staves
  2678 | D:3      | Gained mutation: Spells you cast may paralyse adjacent
                  | enemies. [demonic ancestry]
  2678 | D:3      | Reached XP level 5. HP: 31/38 MP: 5/5
  2762 | D:3      | Noticed Natasha
  2768 | D:3      | Killed Natasha
  3067 | D:3      | Noticed Natasha
  3074 | D:3      | Killed Natasha
  3112 | D:3      | Found a runed translucent door.
  3113 | D:3      | Noticed Crazy Yiuf
  3194 | D:3      | Killed Crazy Yiuf
  3619 | D:4      | Found a basalt altar of Yredelemnul.
  3774 | D:3      | Gained mutation: Spells you cast may paralyse nearby
                  | enemies. [demonic ancestry]
  3774 | D:3      | Reached XP level 6. HP: 40/44 MP: 6/6
  3781 | D:4      | Noticed Robin
  3812 | D:4      | Killed Robin
  4062 | D:4      | Found a bloodstained altar of Trog.
  4264 | D:4      | Found a radiant altar of Vehumet.
  4670 | D:4      | Reached XP level 7. HP: 24/50 MP: 7/7
  5566 | D:5      | Entered Level 5 of the Dungeon
  5571 | D:5      | Found a staircase to the Ecumenical Temple.
  5580 | Temple   | Entered the Ecumenical Temple
  5716 | Temple   | Became a worshipper of the Wu Jian Council
  5929 | D:5      | Reached XP level 8. HP: 56/56 MP: 8/8
  6257 | D:5      | Identified the +1 leather armour of Demons {rC- MP+9 Int+6
                  | Slay+3}
  6303 | D:5      | Noticed Sigmund
  6313 | D:5      | Killed Sigmund
  6400 | D:6      | Reached skill level 10 in Staves
  6406 | D:6      | Noticed Eustachio
  6646 | D:6      | Killed Eustachio
  6669 | D:6      | Noticed Maggie
  6675 | D:6      | Reached * piety under Wu Jian
  6682 | D:6      | Killed Maggie
  6937 | D:6      | Reached XP level 9. HP: 61/61 MP: 9/9
  7312 | D:6      | Found a broken altar of Ashenzari.
  7376 | D:6      | Noticed Prince Ribbit
  7401 | D:6      | Killed Prince Ribbit
  7731 | D:6      | Identified the +5 mace of the Bespelling Fool {protect,
                  | Str+2}
  7832 | D:7      | Gained mutation: You have a pair of small horns on your
                  | head. [potion of mutation]
  7832 | D:7      | Gained mutation: Your mind is acute. (Int +4, Str/Dex -1)
                  | [potion of mutation]
  7833 | D:7      | Lost mutation: Your mind is acute. (Int +4, Str/Dex -1)
                  | [potion of mutation]
  7833 | D:7      | Lost mutation: You have a pair of small horns on your head.
                  | [potion of mutation]
  7833 | D:7      | Gained mutation: You expend magic power (3 MP) to
                  | strengthen your wands. [potion of mutation]
  7833 | D:7      | Gained mutation: Your flesh is cold resistant. (rC+)
                  | [potion of mutation]
  7833 | D:7      | Gained mutation: You possess an exceptional clarity of
                  | mind. [potion of mutation]
  7863 | D:7      | Noticed Duvessa
  7863 | D:7      | Noticed Dowan
  7884 | D:7      | Killed Duvessa
  7891 | D:7      | Killed Dowan
  8150 | D:7      | Identified the +0 robe of Sunlight {rElec rC- Str+5 SInv}
  8785 | D:7      | Found a hazy altar of Hepliaklqana.
  9057 | D:8      | Reached ** piety under Wu Jian
  9398 | D:8      | Found a runed translucent gate.
  9399 | D:8      | Found a runed translucent gate.
  9399 | D:8      | Found a runed translucent gate.
  9400 | D:8      | Found an opulent altar of Gozag.
  9400 | D:8      | Noticed a cyclops
  9400 | D:8      | Noticed a manticore
  9400 | D:8      | Noticed p0werm0de's ghost (amateur PaIE)
  9444 | D:8      | Found a stormy altar of Qazlal.
 10107 | D:9      | Found an opulent altar of Gozag.
 10139 | D:9      | Noticed a troll
 10175 | D:9      | Gained mutation: When seriously injured, your blood forms
                  | very thick armour. (AC +12) [demonic ancestry]
 10175 | D:9      | Reached XP level 10. HP: 66/67 MP: 10/10
 10480 | D:9      | Found a sparkling altar of Nemelex Xobeh.
 10491 | D:9      | Found a staircase to the Lair.
 10541 | D:9      | Found a blossoming altar of Fedhas.
 10553 | D:9      | Found a shimmering altar of Xom.
 10557 | D:9      | Found a snail-covered altar of Cheibriados.
 10626 | D:9      | Found a sacrificial altar of Ru.
 11141 | D:10     | Entered Level 10 of the Dungeon
 11148 | D:10     | Noticed Joseph
 11377 | D:9      | Reached skill level 1 in Armour
 11494 | D:10     | Killed Joseph
 11495 | D:10     | Reached skill level 3 in Fighting
 12360 | D:10     | Reached skill level 4 in Fighting
 12559 | D:10     | Reached *** piety under Wu Jian
 12568 | D:10     | Paralysed by a hornet for 1 turns
 12570 | D:10     | Noticed an eight-headed hydra
 12814 | D:10     | Identified the ring "Pityiny" {rN+ Str+2 Int-3 Stlth+}
 13008 | D:9      | Killed an eight-headed hydra
 13009 | D:9      | Reached skill level 5 in Fighting
 13961 | Lair:1   | Entered Level 1 of the Lair of Beasts
 13992 | Lair:1   | Noticed a black mamba
 14003 | Lair:1   | Killed a black mamba
 14004 | Lair:1   | Reached skill level 5 in Armour
 14004 | Lair:1   | Gained mutation: A weak demonic guardian rushes to your
                  | aid. [demonic ancestry]
 14004 | Lair:1   | Reached XP level 11. HP: 19/81 MP: 11/11
 14265 | Lair:1   | Reached skill level 6 in Fighting
 14562 | Lair:1   | Identified the ring "Ewkearya" {*Corrode *Slow rPois rC+
                  | Int+6}
 15505 | Lair:1   | Reached skill level 7 in Fighting
 15712 | Lair:2   | Noticed an eight-headed hydra
 15712 | Lair:2   | Noticed an eight-headed hydra
 15712 | Lair:2   | Found the +5 demon whip "Spellbinder" {antimagic, Will+}
 15824 | Lair:1   | HP: 2/84 [eight-headed hydra (5)]
 16249 | Lair:2   | Killed an eight-headed hydra
 16603 | Lair:2   | Reached skill level 1 in Maces & Flails
 16665 | Lair:2   | Found a staircase to the Shoals.
 16879 | Lair:2   | Noticed an eight-headed hydra
 16898 | Lair:2   | Killed an eight-headed hydra
 16899 | Lair:2   | Reached skill level 8 in Fighting
 17825 | Lair:2   | Reached **** piety under Wu Jian
 17847 | Lair:2   | Reached XP level 12. HP: 60/94 MP: 4/12
 18125 | Lair:2   | Noticed a catoblepas
 18131 | Lair:2   | Noticed a catoblepas
 18752 | Lair:1   | Killed an eight-headed hydra
 18753 | Lair:1   | Reached skill level 9 in Fighting
 19105 | Lair:1   | Killed a catoblepas
 19334 | Lair:2   | Killed a catoblepas
 19335 | Lair:2   | Reached skill level 5 in Maces & Flails
 20292 | Lair:3   | Noticed a six-headed hydra
 20324 | Lair:3   | Reached skill level 10 in Fighting
 20749 | Lair:2   | Killed a six-headed hydra
 20932 | Lair:3   | Noticed a boulder beetle
 20972 | Lair:2   | Killed a boulder beetle
 21220 | Lair:3   | Found a hole to the Spider Nest.
 21376 | Lair:3   | Noticed a four-headed hydra
 21386 | Lair:3   | Killed a four-headed hydra
 21517 | Lair:3   | Noticed Kirke
 21519 | Lair:3   | Noticed a sphinx
 21532 | Lair:2   | Reached XP level 13. HP: 86/104 MP: 4/13
 21624 | Lair:2   | Noticed a sphinx
 21820 | Lair:1   | Killed Kirke
 23031 | Lair:4   | Reached skill level 11 in Fighting
 23072 | Lair:4   | Reached skill level 10 in Armour
 23438 | Lair:4   | Reached ***** piety under Wu Jian
 24477 | Lair:5   | Entered Level 5 of the Lair of Beasts
 24477 | Lair:5   | Found a stormy altar of Qazlal.
 25127 | Lair:5   | Reached skill level 12 in Fighting
 26951 | Lair:5   | Identified the +8 chain mail of Warphonoxt {Fly SInv}
 27382 | Lair:5   | Reached XP level 14. HP: 39/116 MP: 4/14
 27822 | Lair:5   | Identified the +1 robe of the Bulwark {Rampage rElec Int+9
                  | Dex-3}
 28208 | Lair:5   | Found a staircase to the Slime Pits.
 28210 | Lair:5   | Found a viscous altar of Jiyva.
 28218 | Lair:5   | Reached skill level 13 in Fighting
 29873 | Lair:5   | Lost mutation: You expend magic power (3 MP) to strengthen
                  | your wands. [potion of mutation]
 29873 | Lair:5   | Lost mutation: Your flesh is cold resistant. (rC+) [potion
                  | of mutation]
 29873 | Lair:5   | Gained mutation: You have hidden genetic potential. [potion
                  | of mutation]
 29873 | Lair:5   | Gained mutation: You occasionally shout uncontrollably at
                  | your foes. [potion of mutation]
 29873 | Lair:5   | Gained mutation: You are agile. (Dex +4, Str/Int -1)
                  | [potion of mutation]
 30175 | D:11     | Found a staircase to the Orcish Mines.
 30501 | D:11     | Found Puxoppiu's Distillery.
 30634 | D:11     | Found a blossoming altar of Fedhas.
 31205 | Orc:1    | Entered Level 1 of the Orcish Mines
 31205 | Orc:1    | Found a transporter.
 31207 | Orc:1    | Noticed Discosetron's ghost (journeyman DjNe)
 31771 | Orc:1    | Reached skill level 14 in Fighting
 32221 | Orc:1    | Noticed Snorg
 32235 | Orc:1    | Killed Snorg
 32385 | Orc:1    | Found Sithiucul's Armour Emporium.
 32468 | Orc:1    | Found a transporter.
 32508 | Orc:1    | Killed Discosetron's ghost
 32509 | Orc:1    | Gained mutation: Your magical capacity is low. (-10% MP) [a
                  | neqoxec]
 32509 | Orc:1    | Gained mutation: You are weak. (Str -2) [a neqoxec]
 32515 | Orc:1    | Gained mutation: You are frail. (-10% HP) [a neqoxec]
 32596 | Orc:2    | Entered Level 2 of the Orcish Mines
 32608 | Orc:2    | Lost mutation: You occasionally shout uncontrollably at
                  | your foes. [potion of mutation]
 32608 | Orc:2    | Lost mutation: You possess an exceptional clarity of mind.
                  | [potion of mutation]
 32608 | Orc:2    | Gained mutation: You occasionally lose the ability to drink
                  | potions when taking damage. [potion of mutation]
 35281 | Orc:2    | Reached XP level 15. HP: 56/114 MP: 4/13
 35491 | Orc:2    | Reached skill level 15 in Fighting
 35808 | Orc:2    | Found Girrunk's Armour Shoppe.
 35813 | Orc:2    | Found Rerailug's Weapon Emporium.
 35814 | Orc:2    | Found Epsapt's Weapon Boutique.
 35824 | Orc:2    | Found Filis's Antique Armour Emporium.
 36168 | Orc:2    | Found Ewurgh's Assorted Antiques.
 36410 | Orc:2    | Found a staircase to the Elven Halls.
 36837 | Shoals:1 | Entered Level 1 of the Shoals
 36865 | Shoals:1 | Slain by a water elemental

Skill      XL: |  1  2  3  4  5  6  7  8  9 10 11 12 13 14 15 |
---------------+----------------------------------------------+-----
Staves         | 3 4 5 6 7 9 11 13 14 | 14.0
Armour         | 5 7 9 11 13 | 13.9
Fighting       | 5 8 10 12 14 15 | 15.2
Maces & Flails | 3 6 8 |  8.0
Throwing       | |  1.7
Dodging        | |  2.6

Action                   |  1- 3 |  4- 6 |  7- 9 | 10-12 | 13-15 || total
-------------------------+-------+-------+-------+-------+-------++-------
Melee: Quarterstaff      |   110 |   213 |   321 |   292 |       ||   936
       Tailslap          |       |    26 |    44 |   127 |   269 ||   466
       Demon whip        |       |       |       |   493 |  1375 ||  1868
       Punch             |       |       |       |    12 |    26 ||    38
       Unarmed           |       |       |       |       |     5 ||     5
Throw: Throwing net      |     2 |       |     3 |       |       ||     5
       Boomerang         |       |       |    12 |     6 |       ||    18
       Javelin           |       |       |    11 |    14 |     3 ||    28
Invok: Lunge             |       |       |    21 |    26 |    67 ||   114
       Whirlwind         |       |       |       |    41 |    38 ||    79
       Serpent's Lash    |       |       |       |     1 |     3 ||     4
       Heavenly Storm    |       |       |       |       |     3 ||     3
 Abil: Wall Jump         |       |       |       |     4 |       ||     4
Evoke: Wand              |       |       |       |     8 |     9 ||    17
  Use: Scroll            |       |     8 |     7 |     7 |     9 ||    31
       Potion            |       |       |     7 |     7 |     9 ||    23
 Stab: Sleeping          |     1 |       |       |     1 |     7 ||     9
       Paralysed         |       |       |     5 |     2 |       ||     7
       Distracted        |       |       |     1 |     2 |     3 ||     6
       Confused          |       |       |       |     2 |       ||     2
Armor: Leather armour    |    27 |    21 |    54 |    76 |       ||   178
       Ring mail         |       |    33 |       |       |       ||    33
       Scale mail        |       |    24 |    31 |       |       ||    55
       Swamp dragon scal |       |       |     9 |   340 |    17 ||   366
       Shadow dragon sca |       |       |       |       |   236 ||   236
       Chain mail        |       |       |       |       |   453 ||   453
       Skin              |       |       |       |       |     1 ||     1
Dodge: Dodged            |    77 |   145 |   132 |   375 |   445 ||  1174

Levels and vault maps discovered:
D:1:      minmay_arrival_four_circles, layout_loops_cross, minmay_pentomino_w2
D:2:      layout_basic, ebering_ecumenical_altar_ruins, basic_altar,
          chequers_avenue, kennysheep_minor_cross, uniq_jessica
D:3:      layout_rooms, serial_shops, nicolae_shop_stone, interstate_on_off,
          minmay_misc_feat_rows, minmay_three_crescents,
          uniq_crazy_yiuf_cottage, uniq_natasha
D:4:      minmay_polygon_palace, layout_cave_pools,
          mainiacjoe_overflow_tiny_flanked, trog_antimagical, vehumet_crystals,
          roderic_serpentine_path, uniq_robin
D:5:      layout_loops_cross, elyvilon_altar_5, minmay_temple_entry_mist,
          nrook_loot_triangle, uniq_sigmund
D:6:      layout_basic, cheibrodos_ashenzari_chains, uniq_prince_ribbit1,
          uniq_maggie, uniq_eustachio
D:7:      layout_basic, mainiacjoe_overflow_surrounded_room, uniq_duvessa
D:8:      layout_loops_cross, nicolae_qazlal_scattered_showers,
          ebering_ghost_gozag, minmay_unpleasant_kobolds
D:9:      layout_cave_pools, nicolae_ru_the_path_less_chosen,
          nemelex_spade_bored_becter, grunt_gozag_statues,
          minmay_overflow_temple_star_quad, lair_entry_dummy
D:10:     layout_loops_cross, serial_ice, serial_ice_b, serial_ice_l,
          serial_ice_d, serial_ice_g, serial_ice_f, serial_ice_c, uniq_joseph
D:11:     layout_basic, erik_orc_3, serial_shops,
          nicolae_shop_competitors_out_of_business, dreamdust_mushroom_princess,
          tgw_fedhas
Temple:   dpeg_three_leaves_temple
Lair:1:   layout_cave_pods, infiniplex_staircase_pool, lemuel_fruit_fields,
          lemuel_fruit_tree
Lair:2:   layout_layer_cave, minmay_shoals_entry_beasts
Lair:3:   minmay_lair_venomous_thicket, layout_chaotic_city,
          nicolae_spider_entry_non_spiders, cheibrodos_lair_reptile_den,
          uniq_kirke
Lair:4:   layout_cave_shapes, gammafunk_lair_bear_cave
Lair:5:   minmay_lair_end_frog_pond, layout_cave_pods,
          minmay_slime_entry_jelly_boxes, basic_altar, special_room
          [special_room_bee]
Shoals:1: layout_shoals, nicolae_shoals_sun_and_surf
Orc:1:    layout_diamond_mine, serial_shops, shop, basic_altar,
          gammafunk_ghost_stat_death, uniq_snorg
Orc:2:    st_orc_open, layout_caves, basic_altar, abandoned_shop,
          guppyfry_orc_lava_fort
